Map: Новое противостояние РВ

Players

HiBye - Winner!

  • Race: Terran Terran
  • League: Master
  • Spawn Location: 1:00

Читер 1 (ресурсы)

  • Race: Protoss Protoss
  • Spawn Location: 7:00

VOD

Have the link to the VOD?

Description

Time

  • Played on: May 28, 2019, 3:02 p.m.
  • Length: 17:12
Show
View Real Time Build Order
Export as new Build Order

HiBye Terran - Winner!

Build Orders: Cyclone Opening, Mech 

Get SALT Encoding   

  12  0:00  SCV  
  13  0:13  SCV  
  14  0:17  Supply Depot  
  14  0:25  SCV  
  14  0:27  Refinery  
  15  0:38  SCV  
  16  0:44  Barracks  
  16  0:50  SCV  
  17  1:02  SCV  
  18  1:15  SCV  
  19  1:30  Orbital Command  
  19  1:31  Marine  
  20  1:42  Command Center  
  20  1:54  Factory  
  20  1:56  SCV  
  21  2:06  Supply Depot  
  21  2:08  SCV  
  21  2:11  Refinery  
  21  2:15  Barracks Tech Lab  
  22  2:20  SCV  
  23  2:33  SCV  
  24  2:41  Marine  
  24  2:43  Cyclone  
  28  2:44  Mag-Field Accelerator  
  28  2:45  SCV  
  29  2:54  Orbital Command  
  29  2:57  SCV  
  30  2:59  Marine  
  30  3:02  Factory  
  31  3:09  SCV  
  32  3:19  Refinery  
  32  3:21  Cyclone, SCV x2  
  32  3:24  Barracks Tech Lab  
  37  3:32  Supply Depot  
  37  3:33  SCV  
  37  3:34  SCV  
  39  3:46  SCV x2  
  41  3:53  Cyclone  
  41  3:54  Supply Depot  
  44  3:56  Supply Depot  
  44  3:57  Cyclone  
  44  4:00  SCV  
  44  4:02  SCV  
  49  4:12  SCV  
  49  4:14  SCV, Refinery  
  49  4:17  Supply Depot  
  51  4:24  SCV, Engineering Bay  
  51  4:25  Cyclone  
  51  4:26  SCV  
  51  4:31  Cyclone  
  59  4:36  SCV  
  59  4:38  SCV  
  61  4:39  Supply Depot  
  61  4:44  Barracks Tech Lab  
  61  4:45  Factory  
  61  4:48  SCV  
  61  4:50  SCV  
  63  4:57  Missile Turret  
  63  4:58  Cyclone  
  66  5:00  SCV  
  66  5:03  SCV  
  65  5:08  Cyclone  
  65  5:13  Missile Turret  
  69  5:16  Supply Depot  
  68  5:26  Factory  
  68  5:29  Armory  
  68  5:30  Cyclone  
  68  5:33  Barracks Reactor  
  68  5:35  Supply Depot  
  71  5:37  Cyclone  
  71  5:42  Hellion  
  76  5:45  Supply Depot  
  76  6:02  Cyclone  
  76  6:03  Cyclone  
  83  6:04  SCV  
  83  6:09  Cyclone  
  86  6:13  Command Center  
  86  6:24  Terran Vehicle And Ship Armor Level 1  
  90  6:32  Hellion  
  90  6:33  Hellion  
  90  6:34  Cyclone, SCV  
  90  6:35  Cyclone  
  90  6:37  Supply Depot  
  97  6:40  SCV, Drilling Claws  
  97  6:46  Supply Depot, SCV  
  99  6:47  Supply Depot  
  99  6:52  SCV  
  99  6:53  Cyclone  
  103  6:55  Hellion  
  103  6:58  SCV, Hellion  
  108  7:02  Supply Depot  
  108  7:04  SCV  
  108  7:07  Cyclone  
  112  7:12  SCV  
  113  7:17  Supply Depot  
  113  7:20  Siege Tank  
  113  7:22  Refinery  
  116  7:25  Widow Mine x2  
  116  7:26  SCV  
  116  7:27  Refinery  
  121  7:32  SCV, Siege Tank  
  126  7:37  Orbital Command  
  126  7:40  Siege Tank  
  126  7:41  SCV  
  129  7:53  Cyclone  
  129  7:54  SCV x2, Hellion x2  
  135  8:04  Cyclone, SCV  
  139  8:06  SCV x2  
  139  8:11  Factory  
  141  8:14  Supply Depot  
  141  8:15  Supply Depot x2  
  141  8:16  SCV  
  140  8:20  SCV x2  
  140  8:21  Missile Turret  
  140  8:26  Widow Mine x2  
  146  8:28  SCV  
  146  8:29  Siege Tank  
  148  8:38  Siege Tank x2  
  150  8:42  SCV  
  150  8:43  SCV  
  150  8:45  Terran Vehicle And Ship Armor Level 2  
  150  8:48  Hellion  
  151  8:49  SCV  
  151  8:55  Supply Depot, SCV x2  
  138  8:56  Supply Depot  
  138  8:57  Supply Depot  
  123  9:03  SCV  
  123  9:06  Missile Turret  
  123  9:07  SCV, Missile Turret  
  123  9:09  Hellion x2, Factory Tech Lab  
  126  9:10  Siege Tank  
  126  9:15  Siege Tank  
  126  9:16  Factory  
  132  9:25  Siege Tank  
  132  9:31  Hellion x2  
  139  9:32  Cyclone  
  139  9:37  Armory  
  142  9:42  Cyclone  
  145  9:47  Cyclone  
  145  9:49  Command Center  
  145  9:52  Hellion x2  
  152  9:57  Cyclone  
  155  10:00  Factory Reactor  
  155  10:04  Factory  
  155  10:13  SCV x3  
  155  10:14  Hellion x2  
  162  10:15  Cyclone  
  162  10:18  Cyclone  
  162  10:20  Command Center  
  168  10:24  Cyclone  
  168  10:27  Terran Vehicle Weapons Level 1  
  168  10:28  SCV x3  
  164  10:37  Hellion x2  
  164  10:38  Cyclone  
  164  10:39  Hellion x2  
  164  10:40  SCV x2  
  173  10:47  Cyclone  
  173  10:52  Factory Tech Lab  
  173  10:53  Cyclone  
  173  10:56  Cyclone  
  187  11:04  Widow Mine  
  187  11:05  Widow Mine x2  
  187  11:07  Widow Mine  
  187  11:10  Cyclone  
  190  11:12  Siege Tank  
  193  11:21  Siege Tank  
  198  11:25  Hellion  
  198  11:27  Hellion  
  200  11:35  Missile Turret, Refinery  
  200  11:36  Missile Turret  
  200  11:39  Missile Turret  
  200  11:40  Refinery, Planetary Fortress  
  200  11:42  Orbital Command  
  200  12:04  Starport x2  
  200  12:06  Factory  
  200  12:07  Factory, Starport  
  191  12:30  Cyclone, Hellion x4  
  191  12:31  Cyclone x2, Terran Vehicle Weapons Level 2  
  161  12:45  Starport Tech Lab  
  161  12:46  Starport Reactor x2  
  161  12:47  Terran Vehicle And Ship Armor Level 3  
  163  12:51  Hellion x2  
  163  12:52  Hellion x2  
  163  12:56  Factory Tech Lab  
  163  12:57  Factory Tech Lab  
  173  13:13  Hellion x4  
  173  13:14  Siege Tank  
  173  13:15  Fusion Core  
  173  13:17  Command Center  
  173  13:18  Command Center, Liberator  
  180  13:23  Thor  
  186  13:27  Thor  
  192  13:37  Cyclone  
  192  13:38  Liberator  
  198  13:42  Infernal Pre-Igniter  
  185  13:57  Hellion x4  
  185  14:00  Thor  
  183  14:10  Liberator x2  
  183  14:12  Thor  
  183  14:14  Refinery  
  186  14:17  Refinery  
  186  14:18  Hellion x4  
  190  14:33  Liberator x2  
  190  14:34  Planetary Fortress  
  190  14:37  Planetary Fortress  
  190  14:38  Missile Turret  
  190  14:39  Missile Turret  
  190  14:40  Hellion x4  
  198  15:20  Liberator  
  189  15:35  Thor  
  189  15:36  Command Center  
  189  15:38  Command Center  
  198  15:44  Command Center  
  198  15:45  Liberator x3  
  199  16:59  Refinery x3  
Show
View Real Time Build Order
Export as new Build Order

Читер 1 (ресурсы) Protoss 

Build Orders: 1 Gate Expand, Chargelot Immortal 

Get SALT Encoding   

  12  0:00  Probe  
  13  0:13  Probe  
  14  0:20  Pylon  
  14  0:25  Probe  
  15  0:34  Probe  
  15  0:42  Probe  
  17  0:51  Gateway  
  17  0:52  Probe  
  18  1:00  Probe  
  19  1:16  Probe  
  19  1:17  Nexus  
  20  1:28  Probe  
  21  1:37  Pylon  
  21  1:39  Zealot  
  23  1:46  Cybernetics Core  
  23  1:48  Assimilator  
  23  1:55  Probe  
  24  2:03  Probe  
  25  2:11  Probe  
  26  2:19  Pylon  
  26  2:21  Probe  
  26  2:25  Probe  
  28  2:31  Gateway, Warp Gate  
  28  2:33  Probe  
  28  2:36  Probe  
  29  2:37  Assimilator  
  30  2:49  Stalker  
  32  2:51  Pylon  
  32  2:52  Probe  
  32  2:55  Probe  
  34  3:02  Probe  
  35  3:07  Probe  
  36  3:13  Probe  
  36  3:18  Adept  
  36  3:19  Adept, Probe  
  42  3:26  Probe  
  42  3:27  Robotics Facility  
  42  3:31  Probe  
  44  3:34  Probe  
  45  3:43  Probe  
  45  3:44  Probe  
  45  3:45  Pylon  
  45  3:47  Adept  
  49  3:49  Adept  
  51  3:56  Probe  
  52  4:03  Probe  
  52  4:07  Pylon  
  52  4:08  Probe  
  54  4:11  Gateway  
  54  4:15  Probe, Immortal  
  59  4:20  Probe  
  60  4:24  Stalker  
  60  4:26  Stalker  
  60  4:31  Probe  
  65  4:32  Probe  
  66  4:39  Pylon  
  66  4:42  Adept  
  66  4:43  Robotics Facility  
  66  4:44  Pylon  
  68  4:45  Stalker  
  68  4:52  Immortal  
  70  4:57  Probe x2  
  76  5:02  Gateway  
  76  5:06  Stalker  
  78  5:09  Zealot  
  78  5:13  Stalker  
  80  5:14  Pylon  
  80  5:17  Forge  
  80  5:21  Forge  
  80  5:24  Assimilator  
  80  5:29  Zealot x2  
  80  5:34  Twilight Council  
  84  5:36  Assimilator, Zealot  
  84  5:40  Nexus, Pylon  
  86  5:47  Probe  
  86  5:49  Zealot x2  
  91  5:51  Zealot  
  93  5:58  Probe, Zealot  
  93  5:59  Probe  
  93  6:00  Pylon  
  97  6:08  Zealot  
  97  6:09  Zealot  
  97  6:10  Sentry  
  103  6:17  Dark Shrine  
  103  6:18  Stalker  
  103  6:19  Pylon  
  103  6:26  Stalker  
  103  6:29  Stalker  
  107  6:32  Sentry  
  107  6:33  Nexus  
  109  6:41  Zealot x2  
  109  6:43  Pylon  
  113  6:50  Protoss Ground Weapons Level 1  
  113  6:52  Stalker  
  115  6:55  Zealot  
  115  6:56  Zealot  
  115  6:59  Protoss Ground Armor Level 1  
  119  7:01  Zealot  
  119  7:04  Observer, Pylon  
  122  7:12  Zealot  
  124  7:15  Zealot  
  124  7:16  Zealot  
  124  7:20  Charge  
  124  7:21  Stalker  
  130  7:24  Pylon  
  130  7:27  Photon Cannon  
  130  7:30  Pylon  
  130  7:32  Zealot  
  130  7:35  Sentry  
  130  7:36  Stalker  
  136  7:44  Warp Prism, Stalker  
  136  7:45  Probe x2  
  142  7:52  Zealot  
  142  7:54  Dark Templar  
  142  7:57  Probe x2  
  140  7:59  Zealot  
  140  8:01  Nexus, Dark Templar  
  140  8:05  Pylon  
  138  8:07  Assimilator  
  138  8:09  Probe  
  138  8:10  Probe  
  138  8:12  Zealot  
  142  8:15  Photon Cannon  
  142  8:19  Stalker  
  144  8:21  Sentry, Probe  
  144  8:22  Probe  
  148  8:30  Zealot  
  148  8:31  Immortal  
  148  8:33  Probe  
  155  8:34  Probe  
  155  8:35  Pylon  
  155  8:38  Zealot  
  155  8:39  Photon Cannon  
  134  8:42  Stalker  
  134  8:45  Adept, Probe  
  134  8:47  Probe  
  122  8:51  Stalker  
  122  8:54  Adept  
  102  8:57  Probe  
  102  8:59  Probe  
  102  9:00  Blink  
  102  9:01  Stalker  
  102  9:02  Observer  
  92  9:06  Dark Templar  
  92  9:09  Probe  
  93  9:14  Sentry, Dark Templar  
  97  9:19  Stalker  
  99  9:31  Archon, Immortal  
  99  9:36  Sentry  
  99  9:37  Stalker  
  107  9:42  Zealot  
  107  9:43  Assimilator  
  109  9:46  Stalker  
  109  9:50  Immortal  
  109  9:51  Stalker  
  117  10:00  Dark Templar  
  117  10:02  Adept  
  117  10:04  Photon Cannon, Stalker  
  123  10:09  Pylon  
  123  10:11  Immortal  
  123  10:14  Dark Templar  
  129  10:16  Protoss Ground Weapons Level 2  
  129  10:20  Stalker  
  131  10:22  Zealot  
  131  10:23  Gateway  
  131  10:27  Nexus  
  133  10:29  Observer  
  133  10:32  Zealot  
  128  10:36  Stalker  
  128  10:38  Robotics Facility  
  128  10:40  Warp Prism  
  128  10:42  Adept  
  118  10:46  Adept  
  114  10:50  Immortal  
  114  10:51  Stalker  
  114  10:52  Zealot  
  122  11:02  Zealot  
  124  11:06  Dark Templar  
  124  11:10  Stargate  
  126  11:12  Sentry, Forge, Adept  
  126  11:16  Observer  
  126  11:17  Stalker  
  133  11:20  Gateway  
  133  11:22  Stalker  
  135  11:28  Stalker, Pylon  
  135  11:29  Immortal  
  141  11:34  Pylon  
  141  11:35  Dark Templar  
  141  11:38  Stalker  
  141  11:39  Pylon  
  145  11:40  Probe x2, Zealot  
  145  11:41  Probe x2  
  145  11:43  Adept  
  145  11:45  Zealot  
  155  11:48  Pylon  
  155  11:51  Photon Cannon  
  155  11:53  Archon, Dark Templar  
  157  11:54  Pylon  
  157  11:57  Zealot  
  157  11:59  Immortal  
  163  12:01  Sentry  
  163  12:04  Dark Templar  
  163  12:05  Protoss Ground Armor Level 2  
  163  12:07  Zealot  
  169  12:13  Stalker  
  169  12:15  Zealot, Templar Archives  
  171  12:17  Robotics Bay  
  173  12:23  Zealot  
  173  12:24  Zealot  
  173  12:27  Zealot  
  173  12:28  Sentry  
  159  12:36  Assimilator, Zealot, Stalker x2  
  104  12:44  Adept  
  104  12:46  Stalker  
  104  12:49  Assimilator  
  104  12:50  Immortal  
  104  12:51  Observer, Zealot  
  99  12:56  Zealot x2  
  103  12:58  Stalker  
  103  13:00  Nexus  
  103  13:01  Sentry  
  103  13:04  Stalker  
  109  13:05  Gravitic Drive  
  109  13:11  Zealot  
  111  13:16  Zealot x2  
  115  13:21  Dark Templar  
  115  13:23  Dark Templar, Immortal  
  123  13:27  Zealot  
  123  13:31  Adept  
  123  13:32  Immortal  
  131  13:36  Zealot, Stalker  
  135  13:44  Colossus  
  135  13:47  Zealot  
  143  13:51  Zealot  
  143  13:52  Zealot  
  143  13:53  Stalker  
  143  13:54  Zealot  
  127  13:59  Adept  
  99  14:04  Observer  
  99  14:05  Adept  
  99  14:07  Stalker  
  99  14:09  Adept  
  99  14:11  Zealot  
  99  14:14  Zealot  
  99  14:16  Immortal  
  107  14:19  Sentry  
  103  14:25  Stalker  
  103  14:29  Zealot  
  103  14:30  Probe, Zealot  
  103  14:31  Observer, Adept  
  99  14:34  Zealot  
  97  14:38  Probe, Immortal  
  97  14:39  Probe  
  97  14:44  Probe  
  102  14:47  Probe  
  102  14:48  Stalker  
  102  14:50  Sentry, Zealot  
  102  14:51  Stalker  
  102  14:52  Probe  
  107  14:54  Zealot  
  107  14:56  Probe  
  107  14:59  Probe  
  95  15:07  Probe  
  95  15:09  Probe  
  95  15:10  Zealot  
  95  15:11  Zealot  
  95  15:12  Probe  
  95  15:14  Adept, Stalker  
  92  15:19  Probe  
  84  15:22  Probe  
  84  15:28  Adept  
  71  15:30  Sentry  
  71  15:31  Probe, Zealot  
  71  15:34  Probe  
  66  15:36  Stalker  
  60  15:43  Probe  
  60  15:44  Zealot  
  60  15:47  Probe  
  62  15:51  Stalker  
  62  15:53  Zealot  
  62  15:55  Probe x2  
  42  15:59  Zealot  
  42  16:01  Adept  
  9  16:43  Probe  
  10  16:51  Probe  
  10  16:59  Probe  
Tags
 
Add a new tag
Caveats
  • Supply blocks, unpowered buildings, or Contaminate may cause inaccurate times.
  • Supply counts are checked every 10 seconds.